 Dungeon Crawl Stone Soup version 0.13-a0-1762-gc06daff (webtiles) character file.

408 Sabsy the Ruffian (level 5, -3/44 HPs)
             Began as a Minotaur Monk on June 23, 2013.
             Killed from afar by an orc wizard (10 damage)
             ... with a puff of flame
             ... on Level 4 of the Dungeon.
             The game lasted 00:13:51 (3049 turns).

Sabsy the Ruffian (Minotaur Monk)                   Turns: 3049, Time: 00:13:51

HP  -3/44        AC  2     Str 17      XL: 5   Next: 91%
MP   1/1         EV 14     Int  7      God:
Gold 154         SH  0     Dex 12      Spells:  0 memorised,  4 levels left

Res.Fire  : . . .   See Invis. : .     - Unarmed
Res.Cold  : . . .   Warding    : .   a - +0 robe
Life Prot.: . . .   Conserve   : .   (no shield)
Res.Poison: .       Res.Corr.  : .   (helmet restricted)
Res.Elec. : .       Clarity    : .   (no cloak)
Sust.Abil.: . .     Spirit.Shd : .   (no gloves)
Res.Mut.  : .       Stasis     : .   (no boots)
Res.Rott. : .       Flight     : .   (no amulet)
Saprovore : . . .                    (no ring)
                                     (no ring)

@: slightly resistant to hostile enchantments, unstealthy
A: retaliatory headbutt, horns 2
a: no special abilities


You were on level 4 of the Dungeon.
You were not hungry.

You visited 1 branch of the dungeon, and saw 4 of its levels.

You collected 154 gold pieces.

Inventory:

Hand weapons
 b - a +0,+0 sling
Missiles
 g - 2 darts (quivered)
 k - 37 stones
Armour
 a - a +0 robe (worn)
 c - a cursed +0 dwarven scale mail
 r - a +0 shield
Comestibles
 d - a bread ration
 j - a meat ration
 t - 2 chunks of hound flesh
Scrolls
 e - a scroll of amnesia
 f - 4 scrolls of teleportation
 h - a scroll of remove curse
 i - a scroll of random uselessness
 l - a scroll of identify
 o - a scroll of fog
 p - a scroll of enchant weapon II
Potions
 m - a potion of resistance
 n - a potion of porridge


   Skills:
 - Level 4.2 Fighting
 + Level 5.4 Dodging
 - Level 1.5 Stealth
 + Level 6.3 Unarmed Combat


You had 4 spell levels left.
You didn't know any spells.

Dungeon Overview and Level Annotations

Branches:
Dungeon (4/27)
 Temple: D:4-7

Altars:
Elyvilon
Fedhas


Innate Abilities, Weirdness & Mutations

You reflexively headbutt those who attack you in melee.
You have a pair of horns on your head.


Message History

You feel sick.
You feel better.
You hear some strange, mumbled words.
The puff of flame hits you!
* * * LOW HITPOINT WARNING * * *
Drink which item? (? for menu, Esc to quit)
You feel refreshed.
It was a potion of restore abilities.
It barely misses you.
Drink which item? (? for menu, Esc to quit)
You feel better.
It was a potion of curing.
You hear some strange, mumbled words.
The puff of flame misses you.
You closely miss it. Your headbutt misses it.
You hear some strange, mumbled words.
Something tries to affect you, but you resist.
You hit it. Your headbutt misses it. It hits you.
* * * LOW HITPOINT WARNING * * *
You hit it.
You hear some strange, mumbled words.
The puff of flame hits you!
You die...

............ .......#
##.........####.....#
####.######...#.....# #
#.######...#.....# # #
#.......(..#...).#.##### #
########.............o.. #
#...#{o...#.##### # #...##%#.##.#
#...##@#.##.# #...##.#.##.#
##########.#.##.##
.................
#.>.....[..#.##.#
#..........#.##%#
#..........#.##.####
#..........#.##<...#######.
#######............).............


You could see an orc.

Vanquished Creatures
  An orc wizard (D:4)
  A hound (D:4)
  4 gnolls (D:3)
  4 adders
  A giant mite (D:2)
  4 worms
  3 giant geckos
  6 orcs
  6 giant cockroaches
  14 goblins
  9 hobgoblins
  2 jackals (D:3)
  10 kobolds
  A quokka (D:3)
  A ball python (D:1)
  7 bats
  3 giant newts
  A giant newt skeleton (D:4)
  9 rats
87 creatures vanquished.

Vanquished Creatures (others)
  A giant newt (D:3)
1 creature vanquished.

Grand Total: 88 creatures vanquished

Notes
Turn   | Place    | Note
--------------------------------------------------------------
     0 | D:1      | Sabsy, the Minotaur Monk, began the quest for the Orb.
     0 | D:1      | Reached XP level 1. HP: 17/17 MP: 0/0
   199 | D:1      | Reached XP level 2. HP: 12/24 MP: 0/0
   664 | D:1      | Reached XP level 3. HP: 30/30 MP: 1/1
  1154 | D:2      | Reached skill level 5 in Unarmed Combat
  1655 | D:2      | Reached XP level 4. HP: 38/38 MP: 1/1
  1957 | D:3      | Found a white marble altar of Elyvilon.
  2098 | D:3      | Reached XP level 5. HP: 13/44 MP: 1/1
  2472 | D:3      | Found a blossoming altar of Fedhas.
  2781 | D:4      | Reached skill level 5 in Dodging
  2856 | D:4      | Reached skill level 6 in Unarmed Combat
  3044 | D:4      | HP: 2/44 [it/puff of flame (8)]
  3049 | D:4      | Killed from afar by an orc wizard

Action                   |  1- 3 |  4- 6 || total
-------------------------+-------+-------++-------
Melee: Unarmed           |    96 |   140 ||   236
 Fire: Sling             |     9 |    12 ||    21
Throw: Dart              |     2 |       ||     2
  Use: Scroll            |       |     6 ||     6
       Potion            |       |     4 ||     4
 Stab: Sleeping          |     1 |     2 ||     3
